 Dungeon Crawl Stone Soup version 0.14-a0-2019-gd9bc7f0 (webtiles) character file.

665 Piginabag the Skirmisher (level 7, -1/52 HPs)
             Began as a Formicid Wanderer on Jan 19, 2014.
             Killed by divine providence
             ... invoked by an orc priest
              (12 damage)
             ... on Level 4 of the Dungeon.
             The game lasted 00:11:56 (5491 turns).

Piginabag the Skirmisher (Formicid Wanderer)        Turns: 5491, Time: 00:11:57

HP  -1/52        AC  6     Str 17      XL: 7   Next: 52%
MP   8/8         EV 10     Int 11      God:
Gold 210         SH  0     Dex 12      Spells:  0 memorised,  6 levels left

rFire  . . .     SeeInvis +     u - +0 halberd
rCold  . . .     Clarity  .     b - +0 ring mail
rNeg   . . .     Conserve .     (no shield)
rPois  x         rCorr    .     (helmet unavailable)
rElec  .         rRot     .     (no cloak)
SustAb . .       Spirit   .     (no gloves)
rMut   .         Warding  .     (no boots)
Saprov . . .     Stasis   +     (no amulet)
MR     .....                    (no ring)
                                (no ring)

@: not resistant to hostile enchantments, unstealthy
A: permanent stasis, dig shafts and tunnels, four strong arms, poison weakness,
antennae 3, exoskeleton 1
a: Dig, Shaft Self


You were on level 4 of the Dungeon.
You were not hungry.

You visited 2 branches of the dungeon, and saw 6 of its levels.
You also visited: Sewer.

You collected 210 gold pieces.

Inventory:

Hand weapons
 a - a +2,+1 bow
 u - a +0,+0 halberd (weapon)
Missiles
 d - 65 arrows
Armour
 b - a +0 ring mail (worn)
Magical devices
 p - a wand of frost (14)
Comestibles
 f - 4 bread rations
 i - a meat ration
 w - 4 chokos
Scrolls
 g - a scroll of fear {unknown}
 m - 3 scrolls of remove curse {unknown}
 o - a scroll of amnesia {unknown}
 q - a scroll of enchant armour {unknown}
 r - a scroll of curse armour {unknown}
 s - a scroll of magic mapping {unknown}
 t - a scroll of immolation {unknown}
 y - a scroll of recharging {unknown}
Potions
 c - a potion of magic
 k - a potion of lignification
 l - a potion of flight
 n - a potion of might
 v - a potion of mutation
 x - a potion of agility
 z - a potion of resistance
 A - a potion of invisibility


   Skills:
 + Level 6.9 Fighting
 * Level 3.0 Polearms
 - Level 1.5 Bows
 - Level 0.2 Armour
 - Level 1.0 Dodging
 - Level 2.4 Stealth
   Level 1.1 Invocations
 + Level 1.1 Evocations


You had 6 spell levels left.
You didn't know any spells.

Dungeon Overview and Level Annotations

Branches:
Dungeon (5/16)             Temple (1/1) D:4

Altars:
Cheibriados
Dithmengos
Elyvilon
Fedhas
Kikubaaqudgha
Makhleb
Nemelex Xobeh
Okawaru
Sif Muna
Trog
Vehumet
Xom
Zin

Annotations:
D:1 exclusion: downstairs
D:4 1 exclusion


Innate Abilities, Weirdness & Mutations

Your are under a permanent stasis effect.
You can dig through walls and to a lower floor.
Your four strong arms can wield any weapon, most with a shield.
You are susceptible to poison.
You have a pair of large antennae on your head (SInv).
Your body is surrounded by an exoskeleton. (HP +5, AC +1)


Message History

You climb upwards.
Level annotation: 1 exclusion
There is a stone staircase leading down here.
Drink which item? (? for menu, Esc to quit)
Okay, then.
An orc priest comes into view. It is wielding an orcish flail.
The orc priest shouts!
An orc comes into view.
The orc priest's eyes start to glow.
An orc priest comes into view. It is wielding an orcish club.
Use which ability? (? or * to list)
Aiming: Dig
Press: ? - help, Shift-Dir - straight line The rock shatters into small pieces.
You feel somewhat more hungry.
The orc shouts!
The ice beast barely misses you.
The orc priest shouts!
The orc priest mumbles some strange prayers to Beogh against you.
Something smites you!
You die...

#≈≈≈≈#.#≈≈≈≈#
######.###### #.o#
## #o## #.# #o#
#.# ##.#####
#.##......#
#.#.####.#####
#### #@.####.#...#
#...
##.##.......###.##
#I##.#.#.......#
#......#########
####.### #<#
#######.#
#.......#
##########
#.#.....#
#.....(...


You could see an ice beast, 2 orc priests and an orc.

Vanquished Creatures
  An ogre (D:4)
  A giant frog (D:3)
  A worker ant (D:4)
  A scorpion (D:3)
  Jessica (D:2)
  2 green rats (D:3)
  7 adders
  4 gnolls
  An inept feature mimic (D:3)
  A giant mite (D:3)
  A worm (D:3)
  3 grey rats (D:3)
  An adder skeleton (D:4)
  3 giant geckos
  An ooze (D:2)
  2 orcs (D:3)
  10 ball pythons
  7 bats
  A bat skeleton (D:4)
  11 hobgoblins
  5 jackals
  A quokka (D:2)
  5 giant cockroaches (D:3)
  9 giant newts
  5 goblins
  5 kobolds
  14 rats
104 creatures vanquished.

Notes
Turn   | Place    | Note
--------------------------------------------------------------
     0 | D:1      | Piginabag, the Formicid Wanderer, began the quest for the Orb.
     0 | D:1      | Reached XP level 1. HP: 19/19 MP: 1/1
   310 | D:1      | Reached XP level 2. HP: 22/24 MP: 2/2
  1172 | D:2      | Reached XP level 3. HP: 26/29 MP: 3/3
  1197 | D:2      | Reached skill level 4 in Fighting
  1456 | D:2      | Noticed Jessica
  1458 | D:2      | Killed Jessica
  1458 | D:2      | Reached skill level 1 in Polearms
  1458 | D:2      | Reached XP level 4. HP: 34/34 MP: 4/4
  2222 | D:2      | Reached XP level 5. HP: 30/39 MP: 5/5
  2717 | D:3      | Reached skill level 5 in Fighting
  3325 | D:3      | Reached XP level 6. HP: 42/45 MP: 7/7
  3527 | D:3      | Reached skill level 6 in Fighting
  3553 | D:3      | Found a glowing drain.
  3607 | Sewer    | Entered a sewer
  3724 | Sewer    | Noticed nago's ghost (average CeTm)
  3937 | D:3      | Reached XP level 7. HP: 51/51 MP: 8/8
  4352 | D:4      | Found a blossoming altar of Fedhas.
  4593 | D:4      | Noticed a moth of wrath
  4599 | D:4      | Found a bloodstained altar of Trog.
  4707 | D:4      | Found a staircase to the Ecumenical Temple.
  4810 | Temple   | Entered the Ecumenical Temple
  5455 | D:5      | Entered Level 5 of the Dungeon
  5491 | D:4      | Killed from afar by an orc priest

Action                   |  1- 3 |  4- 6 |  7- 9 || total
-------------------------+-------+-------+-------++-------
Melee: Dagger            |    30 |       |       ||    30
       Halberd           |       |       |    40 ||    40
 Fire: Bow               |    53 |   253 |    61 ||   367
 Abil: Dig               |       |     2 |     1 ||     3
Evoke: Wand              |       |       |     1 ||     1
  Use: Scroll            |       |       |     5 ||     5
       Potion            |       |       |     3 ||     3
